 Dungeon Crawl Stone Soup version 0.30-a0-339-g89bb51ec76 (webtiles) character file.

Game seed: 16828961470544212539

981 retardedninja the Chopper (level 8, -3/71 HPs)
             Began as a Hill Orc Fighter on Oct 31, 2022.
             Slain by a gnoll
             ... wielding a +0 halberd
              (10 damage)
             ... on level 5 of the Dungeon.
             The game lasted 00:08:35 (5264 turns).

retardedninja the Chopper (Hill Orc Fighter)        Turns: 5264, Time: 00:08:36

Health: -3/71      AC: 10    Str: 21    XL:     8   Next: 17%
Magic:  8/8        EV:  9    Int:  8    God:
Gold:   225        SH:  5    Dex: 10    Spells: 7/7 levels left

rFire   . . .      SeeInvis .    t - +6 trident
rCold   . . .      Faith    .    c - +0 buckler
rNeg    . . .      Spirit   .    b - +0 scale mail
rPois   +          Reflect  .    e - +0 helmet
rElec   .          Harm     .    (no cloak)
rCorr   +          Rampage  .    v - +0 pair of gloves
Will    .....                    (no boots)
Stlth   ..........               (no amulet)
HPRegen 0.31/turn                d - ring of resist corrosion
MPRegen 0.11/turn                n - ring of poison resistance

@: attractive
A: no striking features
a: no special abilities


You were on level 5 of the Dungeon.
You visited 1 branch of the dungeon, and saw 5 of its levels.

You collected 225 gold pieces.

Inventory:

Hand Weapons
 t - a +6 trident (weapon)
Missiles
 g - 6 boomerangs (quivered)
Armour
 b - a +0 scale mail (worn)
 c - a +0 buckler (worn)
 e - a +0 helmet (worn)
 v - a +0 pair of gloves (worn)
Jewellery
 a - a ring of willpower
 d - a ring of resist corrosion (left hand)
 n - a ring of poison resistance (right hand)
 p - a +4 ring of protection
Wands
 u - a wand of quicksilver (23)
Scrolls
 f - 4 scrolls of identify
 l - a scroll of blinking
Potions
 h - 2 potions of attraction
 r - a potion of berserk rage {unknown}
 s - a potion of invisibility {unknown}


   Skills:
 + Level 6.5 Fighting
 + Level 6.6 Axes
 + Level 6.0 Armour
 + Level 5.9 Shields


You had 7 spell levels left.
You didn't know any spells.
Your spell library was empty.

Dungeon Overview and Level Annotations

Branches:
Dungeon (5/15)
 Temple: D:4-7

Altars:
Okawaru

Shops:
D:1 ?


Message History

The gnoll hits you but does no damage.
You swing at nothing.
The quokka barely misses you. The gnoll hits you but does no damage.
You block the gnoll's attack.
You swing at nothing.
The quokka bites you but does no damage.
You swing at nothing.
The gnoll hits you but does no damage. The gnoll completely misses you.
The quokka bites you but does no damage.
You puncture the quokka!
You kill the quokka!
You block the gnoll's attack. The gnoll hits you but does no damage.
You cannot move.
As you read the scroll labelled TIGIEFU OJALA, it crumbles to dust.
It is a scroll of identify.
h - 3 potions of attraction You block the gnoll's attack.
The gnoll hits you from afar with a +0 halberd!
* * * LOW HITPOINT WARNING * * *
Sorry, you're not good enough to have a special ability.
It was a potion of cancellation.
Your magical effects are unravelling.
You feel magically purged.
You feel less wooden.
Your +0 helmet unmelds from your body.
Your +0 pair of gloves unmelds from your body.
Your +0 scale mail unmelds from your body.
You feel yourself slow down.
Really quaff the potion of attraction?
You feel attractive to monsters. The gnoll hits you but does no damage.
The gnoll closely misses you. The gnoll is attracted toward you. x2
You hit the gnoll.
The gnoll is moderately wounded.
You block the gnoll's attack. The gnoll hits you with a +0 halberd!
* * * LOW HITPOINT WARNING * * *
You closely miss the gnoll.
The gnoll is moderately wounded.
The gnoll closely misses you. The gnoll hits you but does no damage.
The gnoll hits you with a +0 halberd!
You die...

###..........
........
##...........#
........
.........<..###
........
............##
.##.)
............#
#.)
............##
.#####.
.....##.....§##
....#..
...##....##§g##
.......
.......####g@#
....... ......#
##..# .......
.....# #....#
......S ...g.
#......#
.###### .....
#.......# ##
..#. #........
## # ......##.
.....##


You could see 2 gnolls.

Vanquished Creatures
  Sigmund (D:4)
  Duvessa (D:5)
  A black bear (D:5)
  2 ogres (D:4)
  Blork the orc (D:5)
  Dowan (D:5)
  2 orc priests
  Ijyb (D:5)
  An iguana (D:4)
  3 orc wizards (D:3)
  Robin (D:4)
  4 adders
  A river rat (D:4)
  10 orcs
  6 ball pythons
  4 bats
  4 endoplasms
  6 giant cockroaches
  14 goblins
  8 hobgoblins
  4 jackals (D:4)
  4 kobolds
  2 quokkas
  5 frilled lizards
  9 rats
96 creatures vanquished.

Vanquished Creatures (collateral kills)
  A gnoll (D:5)
1 creature vanquished.

Vanquished Creatures (others)
  2 fungi (D:3)
2 creatures vanquished.

Grand Total: 99 creatures vanquished

Notes
Turn   | Place    | Note
-------+----------+-------------------------------------------
     0 | D:1      | retardedninja the Hill Orc Fighter began the quest for the
                  | Orb.
     0 | D:1      | Reached XP level 1. HP: 19/19 MP: 1/1
   182 | D:1      | Reached XP level 2. HP: 27/27 MP: 2/2
   290 | D:1      | Found Zybbux's Magic Scroll Shoppe.
   773 | D:1      | Reached XP level 3. HP: 33/33 MP: 3/3
  1642 | D:3      | Found an iron altar of Okawaru.
  1677 | D:3      | Reached XP level 4. HP: 21/40 MP: 4/4
  1687 | D:3      | Reached XP level 5. HP: 14/47 MP: 5/5
  3215 | D:4      | Noticed Sigmund
  3220 | D:4      | Noticed Robin
  3244 | D:4      | Killed Robin
  3275 | D:4      | Killed Sigmund
  3276 | D:4      | Reached skill level 5 in Fighting
  3276 | D:4      | Reached skill level 5 in Axes
  3276 | D:4      | Reached XP level 6. HP: 9/56 MP: 6/6
  3692 | D:4      | Reached skill level 5 in Armour
  3988 | D:4      | Reached skill level 5 in Shields
  3988 | D:4      | Reached XP level 7. HP: 31/62 MP: 7/7
  4727 | D:5      | Entered Level 5 of the Dungeon
  4819 | D:5      | Noticed Duvessa
  4822 | D:5      | Noticed Dowan
  4833 | D:5      | Killed Duvessa
  4844 | D:5      | Killed Dowan
  4988 | D:5      | Reached XP level 8. HP: 31/71 MP: 8/8
  5222 | D:5      | Noticed Ijyb
  5224 | D:5      | Noticed Blork the orc
  5243 | D:5      | Killed Blork the orc
  5249 | D:5      | Killed Ijyb
  5264 | D:5      | Slain by a gnoll

Illustrated notes

Levels and vault maps discovered:
D:1:      dpeg_arrival_subterranean_lakeside_camping, layout_basic,
          serial_shops, nicolae_shop_behind_doors, nicolae_titane
D:2:      layout_rooms, dk_noncrumbling_3, minmay_splitting_lines
D:3:      layout_basic, mainiacjoe_overflow_cross_hatched, fountainhead
D:4:      layout_loops_ring, portal_sewer_entry_e, uniq_sigmund, uniq_robin
D:5:      layout_layer_cave, nicolae_ashenzari_skybound, lemuel_doored_altar,
          temple_green, nicolae_ossuary_entry_ruins, uniq_duvessa,
          uniq_blork_the_orc, uniq_ijyb

Skill      XL: |  1  2  3  4  5  6  7  8 |
---------------+-------------------------+-----
Axes           | 3 4 5 6 |  6.6
Fighting       | 4 5 6 |  6.5
Armour         | 4 5 6 |  6.0
Shields        | 4 5 |  5.9

Action                   |  1- 3 |  4- 6 |  7- 9 || total
-------------------------+-------+-------+-------++-------
Melee: War axe           |    61 |    28 |       ||    89
       Trident           |       |    71 |    66 ||   137
Throw: Boomerang         |    57 |    11 |     5 ||    73
  Use: Potion            |     1 |     7 |     7 ||    15
       Scroll            |       |       |     6 ||     6
Armor: Scale mail        |    47 |    32 |    53 ||   132
       Skin              |       |    53 |    29 ||    82
Dodge: Dodged            |    40 |    30 |    34 ||   104
Block: Buckler           |    24 |    17 |    26 ||    67

Table legend: (Time is in decaauts)
 A = Elapsed time spent in this place.
 B = Non-inter-level travel time spent in this place.
 C = Inter-level travel time spent in this place.
 D = Time resting spent in this place.
 E = Time spent auto-exploring this place.
 F = Levels seen in this place.
 G = Mean time per level.
                   A        B        C        D        E       F      G
               +--------+--------+--------+--------+--------+-----+--------+
         Total |   5337 |   5250 |     87 |   2120 |   2436 |   5 | 1067.4 |
       Dungeon |   5337 |   5250 |     87 |   2120 |   2436 |   5 | 1067.4 |
               +--------+--------+--------+--------+--------+-----+--------+

Top non-repeatable levels by time:
     D:4: 1754 daAuts
     D:3: 1560 daAuts
     D:1: 1043 daAuts
     D:5: 540 daAuts
     D:2: 438 daAuts
